 Dungeon Crawl Stone Soup version 0.17-a0-2098-gf59d6bc (webtiles) character file.

20 daawg the Cutter (level 3, -11/24 HPs)
             Began as a Kobold Berserker on Oct 17, 2015.
             Was a Follower of Trog.
             Killed from afar by an orc wizard (12 damage)
             ... with a puff of flame
             ... on level 8 of the Dungeon.
             The game lasted 00:03:14 (454 turns).

daawg the Cutter (Kobold Berserker)                  Turns: 454, Time: 00:03:16

Health: -11/24     AC:  2    Str: 15    XL:     3   Next: 0%
Magic:  3/3        EV: 15    Int:  2    God:    Trog [*.....]
Gold:   34         SH:  0    Dex: 16    Spells: 0 memorised, 2 levels left

rFire  . . .     SeeInvis .     a - +0 short sword
rCold  . . .     Clarity  .     b - +0 animal skin
rNeg   . . .     SustAt   .     (shield restricted)
rPois  .         Gourm    .     (no helmet)
rElec  .         Spirit   .     (no cloak)
rCorr  .         Warding  .     (no gloves)
rMut   .         Stasis   .     (no boots)
MR     .....                    (no amulet)
Stlth  +.........               (no ring)
                                d - -3 ring of intelligence (curse)

@: lethally poisoned (-11 -> -18), drained, not resistant to hostile
enchantments, very unstealthy
A: carnivore 3
a: Burn Spellbooks, Berserk, Renounce Religion


You were on level 8 of the Dungeon.
You worshipped Trog.
Trog was aware of your devotion.
You were not hungry.

You visited 1 branch of the dungeon, and saw 8 of its levels.

You collected 34 gold pieces.

Inventory:

Hand Weapons
 a - a +0 short sword (weapon)
Armour
 b - a +0 animal skin (worn)
Jewellery
 d - a cursed -3 ring of intelligence (left hand)
Comestibles
 c - 2 meat rations


   Skills:
 + Level 3.7(3.4) Fighting
 + Level 4.4(4.1) Short Blades
 + Level 1.7(1.5) Armour
 + Level 2.8(2.5) Dodging


You had 2 spell levels left.
You didn't know any spells.

Dungeon Overview and Level Annotations

Branches:
Dungeon (8/15)
 Temple: D:4-7         Lair: D:8-11

Altars:
Nemelex Xobeh
Zin

Portals:
Ossuary: D:6


Innate Abilities, Weirdness & Mutations

You are small and have problems with some larger weapons.
You are carnivorous and can eat meat at any time.


Message History

The orc shouts!
An orc and an orc warrior come into view.
An orc wizard comes into view. It is wielding an enchanted dagger.
The orc warrior shouts!
The orc shouts!
The orc wizard casts a spell.
The orc wizard flickers and vanishes!
Deactivating autopickup; reactivate with Ctrl-A.
A puff of flame appears from out of thin air!
The puff of flame misses you.
The orc warrior hits you with a battleaxe of draining.
* * * LOW HITPOINT WARNING * * *
You feel drained.
* * * LOW HITPOINT WARNING * * *
The orc throws a poisoned tomahawk.
The poisoned tomahawk hits you.
* * * LOW HITPOINT WARNING * * *
You are lethally poisoned!
A puff of flame appears from out of thin air!
The puff of flame hits you!
Ouch! That really hurt!
You die...

..oo... ....# o...
....+
.#+#####'#####+##....#
.....................#
..<..................#
.............o.......+
................o....#
.#+######+###.....#+##
#...@.# +...<.#
#.....+ #.....#
###..... +.......
#........ #........
#........


You could see an orc warrior and an orc.

Vanquished Creatures
  A worker ant zombie (D:6)
  A worm (D:4)
  A goblin (D:3)
  A hobgoblin (D:1)
  A giant newt (D:1)
  A kobold (D:1)
6 creatures vanquished.

Notes
Turn   | Place    | Note
--------------------------------------------------------------
     0 | D:1      | daawg the Kobold Berserker began the quest for the Orb.
     0 | D:1      | Reached XP level 1. HP: 14/14 MP: 1/1
   175 | D:4      | Found a sparkling altar of Nemelex Xobeh.
   236 | D:4      | Reached XP level 2. HP: 4/19 MP: 2/2
   241 | D:5      | Entered Level 5 of the Dungeon
   278 | D:6      | Found a sand-covered staircase.
   298 | D:6      | Noticed a scorpion
   343 | D:6      | Found a glowing silver altar of Zin.
   366 | D:6      | Noticed a water moccasin
   393 | D:6      | Reached XP level 3. HP: 4/24 MP: 3/3
   442 | D:8      | Noticed an orc warrior
   454 | D:8      | HP: 1/24 [orc/poisoned tomahawk (1)]
   454 | D:8      | Killed from afar by an orc wizard

Vault maps used:
D:1:      ncdulo_smallfort
D:2:      yredelemnul_altar_generic,
          nicolae_gozag_cash_rules_everything_around_me, uniq_crazy_yiuf_cottage
D:3:      wad_lake_hut, first_bread, grunt_decor_cap, kennysheep_cross_room
D:4:      kennysheep_mini_moat, minmay_misc_feat_doors, uniq_eustachio
D:5:      kennysheep_little_box, tgw_trog, tgw_sif
D:6:      nicolae_overflow_crystal_walls, vehumet_crystals,
          nicolae_ossuary_entry_false_entrances, minivault_26
D:7:      lemuel_coloured_pillars_altar, minitemple,
          minmay_temple_entry_large_hall, uniq_pikel
D:8:      bloody_makhleb, st_stairs_7, grunt_pizzeria, ashenzari_altar_1

Action                   || total
-------------------------++-------
Melee: Short sword       ||    33
  Eat: Chunk             ||     1
